 Dungeon Crawl Stone Soup version 0.31-a0-210-gccc998df9b (webtiles) character file.

Game seed: 3313221445992453553

306 drugrobin the Poker (level 5, -1/34 (42) HPs)
             Began as a Demigod Delver on June 29, 2023.
             Slain by a wight
             ... wielding a +3 long sword
              (6 damage)
             ... on level 4 of the Dungeon.
             The game lasted 00:07:23 (2859 turns).

drugrobin the Poker (Demigod Delver)                Turns: 2859, Time: 00:07:24

HP:   -1/34 (42)    AC: 11    Str: 17    XL:     5   Next: 93%
MP:   7/7           EV:  4    Int: 12    God:
Gold: 238           SH:  5    Dex: 15    Spells: 4/4 levels left

rFire   . . .        a - +0 spear
rCold   . . .        q - +2 buckler
rNeg    . . .        l - +0 plate armour
rPois   .            p - +0 helmet
rElec   .            (no cloak)
rCorr   .            (no gloves)
SInv    .            (no boots)
Will    .....        (no amulet) Stlth
                     (no ring)
HPRegen 0.25/turn    (no ring)
MPRegen 0.10/turn

%: no passive effects
@: hasted, heavily drained, very quick
A: high MP 1, forlorn, divine attributes
a: no special abilities


You were on level 4 of the Dungeon.
You visited 1 branch of the dungeon, and saw 5 of its levels.

You collected 238 gold pieces.

Inventory:

Hand Weapons
 a - a +0 spear (weapon)
 b - a +1 dagger of electrocution
Missiles
 o - 6 boomerangs (quivered)
 v - 6 poisoned darts
Armour
 l - a +0 plate armour (worn)
 n - a +0 leather armour
 p - a +0 helmet (worn)
 q - a +2 buckler (worn)
Wands
 g - a wand of digging (3)
Scrolls
 c - a scroll of fog
 d - a scroll of revelation
 e - a scroll of fear
 i - 2 scrolls of identify {unknown}
 s - 2 scrolls of teleportation {unknown}
 t - a scroll of immolation {unknown}
 w - a scroll of vulnerability {unknown}
Potions
 f - a potion of haste
 j - a potion of brilliance {unknown}
 k - a potion of lignification {unknown}
 m - a potion of attraction
 r - a potion of might {unknown}
 u - a potion of degeneration {unknown}


   Skills:
 - Level 2.7 Fighting
 + Level 6.0 Polearms
 - Level 1.8 Dodging
 - Level 4.5 Stealth


You had 4 spell levels left.
You didn't know any spells.
Your spell library contained the following spells:

 Spells                   Type           Power      Damage    Failure   Level
 Static Discharge         Conj/Air       0%         2-2/arc   100%        2
 Ozocubu's Armour         Ice            0%         N/A       100%        3
 Airstrike                Air            0%         2d(0-16)  100%        4
 Summon Lightning Spire   Summ/Air       0%         N/A       100%        4
 Metabolic Englaciation   Hex/Ice        0%         N/A       100%        5
 Simulacrum               Ice/Necr       0%         N/A       100%        6


Dungeon Overview and Level Annotations

Branches:
Dungeon (5/15)
 Temple: D:4-7


Innate Abilities, Weirdness & Mutations

You have an increased reservoir of magic. (+10% MP)
You shall have no god before yourself.
Your divine heritage dramatically boosts your attributes as you level up.


Message History

The wight attacks as you move away!
The wight hits you with a +3 long sword.
You feel drained. The wight attacks as you move away!
You block the wight's attack.
You hit the wight but do no damage. You block the wight's attack.
You hit the wight.
The wight is lightly damaged.
The wight hits you but does no damage.
You hit the wight but do no damage.
The wight is lightly damaged.
You hit the wight.
The wight is moderately damaged.
You block the wight's attack.
You closely miss the wight.
The wight is moderately damaged.
The wight hits you with a +3 long sword!
You feel drained.
You hit the wight but do no damage.
The wight is moderately damaged.
You block the wight's attack.
You closely miss the wight.
The wight is moderately damaged.
The wight hits you with a +3 long sword!
You feel drained.
* * * LOW HITPOINT WARNING * * *
You hit the wight but do no damage.
The wight is moderately damaged.
You hit the wight.
The wight is heavily damaged.
The wight hits you with a +3 long sword.
* * * LOW HITPOINT WARNING * * *
You feel drained.
You barely miss the wight.
The wight is heavily damaged.
The wight hits you with a +3 long sword.
* * * LOW HITPOINT WARNING * * *
You feel drained.
You feel yourself speed up.
The wight hits you with a +3 long sword.
You die...

..................##........
.......###..##.#S###......[.
....... #...##...# #........
....... #.####...# #........
########.. #.### #........
#.# #.## ##....z. ##.
#..#####......#
###..######..........###
.......@zz..######...#
..#..######.###......# ...
#.....##...# . #..#########
####


You could see 2 wights.

Vanquished Creatures
  A water moccasin (D:4)
  A wight (D:4)
  2 iguanas (D:4)
  4 adders
  2 worms
  An orc (D:3)
  9 endoplasms
  2 giant cockroaches
  4 goblins
  5 hobgoblins
  2 jackals (D:1)
  A quokka (D:3)
  4 ball pythons
  7 bats
  3 frilled lizards (D:1)
  8 kobolds
  6 rats
62 creatures vanquished.

Notes
Turn   | Place    | Note
-------+----------+-------------------------------------------
     0 | D:5      | drugrobin the Demigod Delver began the quest for the Orb.
     0 | D:5      | Reached XP level 1. HP: 18/18 MP: 3/3
    23 | D:5      | Noticed a sleepcap
    87 | D:4      | Noticed a wight
    97 | D:4      | Noticed a wight
    97 | D:4      | Noticed a wight
   228 | D:3      | Reached skill level 2 in Polearms
   379 | D:1      | Reached XP level 2. HP: 22/25 MP: 4/4
   840 | D:1      | Reached skill level 3 in Polearms
  1003 | D:1      | Reached XP level 3. HP: 30/30 MP: 5/5
  1956 | D:3      | Reached skill level 4 in Polearms
  2162 | D:3      | Reached XP level 4. HP: 37/37 MP: 6/6
  2621 | D:4      | Noticed a water moccasin
  2642 | D:4      | Killed a water moccasin
  2643 | D:4      | Reached skill level 5 in Polearms
  2643 | D:4      | Reached XP level 5. HP: 26/42 MP: 7/7
  2823 | D:4      | Reached skill level 6 in Polearms
  2859 | D:4      | Slain by a wight

Illustrated notes

Levels and vault maps discovered:
D:1:      elethiomel_arrival_infinity_welcomes_careful_drivers, layout_basic,
          reono_crystal_passage
D:2:      layout_basic
D:3:      layout_loops_cross, minmay_strange_pillars
D:4:      layout_rooms, grunt_tough_drop
D:5:      layout_gridville, okawaru_ov_weapons_minmay,
          mainiacjoe_overflow_cross_hatched, roderic_batcave

Skill      XL: |  1  2  3  4  5 |
---------------+----------------+-----
Polearms       | 2 3 4 5 6 |  6.0
Fighting       | |  2.7
Dodging        | |  1.8
Stealth        | |  4.5

Action                     |  1- 3 |  4- 6 || total
---------------------------+-------+-------++-------
  Melee: Spear             |    21 |    10 ||    31
         Dagger            |   144 |    52 ||   196
  Throw: Boomerang         |       |     7 ||     7
    Use: Potion            |       |     3 ||     3
   Stab: Sleeping          |     1 |       ||     1
 Armour: Plate armour      |   101 |    28 ||   129
         Leather armour    |     1 |       ||     1
  Dodge: Dodged            |    23 |    10 ||    33
  Block: Buckler           |    28 |    16 ||    44

Table legend: (Time is in decaauts)
 A = Elapsed time spent in this place.
 B = Non-inter-level travel time spent in this place.
 C = Inter-level travel time spent in this place.
 D = Time resting spent in this place.
 E = Time spent auto-exploring this place.
 F = Levels seen in this place.
 G = Mean time per level.
                   A        B        C        D        E       F      G
               +--------+--------+--------+--------+--------+-----+--------+
         Total |   2867 |   2781 |     86 |    198 |   1845 |   5 |  573.4 |
       Dungeon |   2867 |   2781 |     86 |    198 |   1845 |   5 |  573.4 |
               +--------+--------+--------+--------+--------+-----+--------+

Top non-repeatable levels by time:
     D:2: 879 daAuts
     D:1: 752 daAuts
     D:3: 751 daAuts
     D:4: 411 daAuts
     D:5: 73 daAuts
